 Dungeon Crawl Stone Soup version 0.24-a0-434-gd57e52fea8 (webtiles) character file.

Game seed: 8525772693478314172

11076 Jyms the Cleaver (level 11, -9/102 HPs)
             Began as a Hill Orc Monk on June 16, 2019.
             Was a High Priest of Trog.
             Splashed by an oklob plant's acid (11 damage)
             ... on level 1 of the Lair of Beasts on June 17, 2019.
             The game lasted 02:03:59 (13097 turns).

Jyms the Cleaver (Hill Orc Monk)                   Turns: 13097, Time: 02:03:59

Health: -9/102     AC: 12    Str: 16    XL:     11   Next: 72%
Magic:  0/11       EV: 10    Int: 11    God:    Trog [*****.]
Gold:   564        SH:  6    Dex: 14    Spells: 10/10 levels left

rFire    + . .     SeeInvis +   a - +1 war axe
rCold    . . .     Gourm    .   n - +0 buckler
rNeg     . . .     Faith    .   G - +0 chain mail of Kyaphapo {rF+ Slay+3}
rPois    .         Spirit   +   l - +0 helmet
rElec    .         Reflect  .   F - scarf {cloud immunity}
rCorr    .         Harm     .   k - +1 pair of gloves
MR       .....                  o - +0 pair of boots
Stlth    ..........             j - amulet of guardian spirit
HPRegen  0.27/turn              x - +2 ring of evasion
MPRegen  0.12/turn              h - ring of see invisible

@: corroded, very slightly contaminated
A: no striking features
a: Berserk, Trog's Hand, Brothers in Arms, Renounce Religion


You were on level 1 of the Lair of Beasts.
You worshipped Trog.
Trog was extremely pleased with you.
You were not hungry.

You visited 3 branches of the dungeon, and saw 14 of its levels.

You collected 661 gold pieces.
You spent 97 gold pieces at shops.

Inventory:

Hand Weapons
 a - a +1 war axe (weapon)
 b - a +0 hunting sling
 t - a +2 flail of draining
Missiles
 e - 345 stones (quivered)
Armour
 k - a +1 pair of gloves (worn)
 l - a +0 helmet (worn)
 n - a +0 buckler (worn)
 o - a +0 pair of boots (worn)
 z - a +0 robe of magic resistance
 F - a scarf of cloud immunity (worn)
 G - the +0 chain mail of Kyaphapo (worn) {rF+ Slay+3}
   (You found it on level 6 of the Dungeon)

   It affects your accuracy and damage with ranged weapons and melee attacks
   (+3).
   It protects you from fire.
Magical Staves
 v - an uncursed staff of energy
Jewellery
 h - a ring of see invisible (right hand)
 j - an amulet of guardian spirit (around neck)
 q - a +1 ring of evasion
 u - a +5 amulet of reflection
 x - a +2 ring of evasion (left hand)
 K - a +2 ring of intelligence
Wands
 r - a wand of enslavement (4)
 y - a wand of polymorph (7)
 A - a wand of flame (6)
 B - a wand of iceblast (3)
 C - a wand of paralysis (5)
 M - a wand of clouds (3)
Scrolls
 c - a scroll of silence
 f - 6 scrolls of remove curse
 g - a scroll of amnesia
 i - 3 scrolls of fear
 w - 4 scrolls of teleportation
 D - a scroll of magic mapping
Potions
 d - 3 potions of brilliance
 m - 3 potions of curing
 s - a potion of agility
 H - a potion of haste
Miscellaneous
 J - a phial of floods (inert)
Comestibles
 p - 8 rations


   Skills:
 + Level 11.3 Fighting
 + Level 12.2 Axes
 + Level 9.8 Armour
 - Level 2.9 Dodging
 - Level 2.1 Stealth
 + Level 9.7 Shields


You had 10 spell levels left.
You didn't know any spells.
Your spell library contained the following spells:

 Spells                   Type           Power        Failure   Level  Hunger
 Confusing Touch          Hex            #.....       98%         1    ##.....
 Flame Tongue             Conj/Fire      #....        98%         1    ##.....
 Magic Dart               Conj           #...         98%         1    ##.....
 Searing Ray              Conj           #.....       99%         2    ###....
 Throw Flame              Conj/Fire      #.....       99%         2    ###....
 Confuse                  Hex            #.......     100%        3    ####...
 Conjure Flame            Conj/Fire      #.......     100%        3    ####...
 Dazzling Spray           Conj/Hex       #.....       100%        3    ####...
 Gell's Gravitas          Tloc           #.........   100%        3    ####...
 Inner Flame              Hex/Fire       #.......     100%        3    ####...
 Recall                   Summ/Tloc      N/A          100%        3    ####...
 Animate Dead             Necr           N/A          100%        4    #####..
 Force Lance              Conj/Tloc      #.......     100%        4    #####..
 Fulminant Prism          Conj/Hex       #.........   100%        4    #####..
 Iskenderun's Mystic Bla  Conj           #.......     100%        4    #####..
 Petrify                  Tmut/Erth      #.......     100%        4    #####..
 Sticky Flame             Conj/Fire      #.......     100%        4    #####..
 Borgnjor's Vile Clutch   Necr/Erth      #.........   100%        5    ######.
 Fireball                 Conj/Fire      #.........   100%        5    ######.
 Metabolic Englaciation   Hex/Ice        #.........   100%        5    ######.
 Yara's Violent Unravell  Hex/Tmut       #.........   100%        5    ######.
 Death Channel            Necr           #.........   100%        6    #######
 Simulacrum               Ice/Necr       #.........   100%        6    #######


Dungeon Overview and Level Annotations

Branches:
Dungeon (11/15)            Temple (1/1) D:7            Lair (2/6) D:10
  Swamp (0/4) Lair:2
  Snake: Lair:2-4    Spider: Lair:2-4       Orc: D:9-12

Altars:
Ashenzari
Cheibriados
Dithmenos
Elyvilon
Fedhas
Gozag
Hepliaklqana
Kikubaaqudgha
Makhleb
Nemelex Xobeh
Okawaru
Qazlal
Ru
Sif Muna
Trog
Uskayaw
Vehumet
Wu Jian
Xom
Yredelemnul
Zin
The Shining One

Shops:
D:5 %!}   D:8 =   D:11 (

Annotations:
D:3 1 runed translucent door, xoxolimbo's ghost, amateur DsFE
Lair:1 exclusion: oklob plant


Message History

The eight-headed hydra closely misses you.
You climb upwards.
Level annotation: exclusion: oklob plant
There is a stone staircase leading down here.
Blink to where?
Press: ? - help, Dir - move target cursor You are very lightly contaminated with residual magic.
As you read the scroll of blinking, it crumbles to dust.
Really walk into a travel-excluded area? [Y]es or [N]o only, please.
Really walk into a travel-excluded area?
The oklob plant spits acid at you. The splash of acid hits you.
* * * LOW HITPOINT WARNING * * *
You are splashed with acid!
* * * LOW HITPOINT WARNING * * *
The oklob plant spits acid at you.
The splash of acid hits you but does no damage.
The acid corrodes you!
You are splashed with acid!
You die...

###.......#
#.......#
#####...#####
#....#P.####
#####..........##
###........#####..#
#...#..##.## #..##
..##.###### #...##
.##### #@...#* ##
#..P.P# .#
#.PP.##** ##
#.P..P#,* ###
#P.PP.#,* P.####
#.#..P..* †....#
###P...## #....###
*,.P..# ##.....#
**,,,,,*


You could see an oklob plant.

Vanquished Creatures
  Erica (D:8)
  A wolf spider zombie (D:9)
  A cyclops (D:10)
  3 spiny frogs (Lair:1)
  3 trolls
  2 hippogriffs
  Sigmund (D:5)
  2 wyverns
  9 yaks
  A hungry ghost (D:8)
  3 water moccasins (D:10)
  2 porcupines (Lair:1)
  An ice beast (D:6)
  3 black bears
  An eye of draining (D:8)
  A sky beast (D:5)
  4 ogres
  3 phantoms
  2 necrophages
  4 orc warriors
  4 centaurs
  A crocodile (Lair:1)
  4 big kobolds
  9 bullfrogs
  A water moccasin zombie (D:7)
  A wyvern skeleton (D:10)
  A scorpion (D:5)
  A water moccasin skeleton (D:4)
  6 wights
  2 bullfrog zombies
  5 crimson imps
  A gnoll shaman (D:6)
  3 jellies
  6 orc priests
  2 hounds
  4 centaur skeletons
  7 orc wizards
  3 bullfrog skeletons
  2 iguanas
  6 worker ants
  4 hound zombies
  2 hound skeletons
  2 howler monkey zombies (D:9)
  Robin (D:2)
  3 gnolls (D:6)
  8 adders
  A shadow imp (D:5)
  2 oozes (D:2)
  4 worms
  2 dart slugs (D:1)
  5 leopard geckos
  38 orcs
  6 giant cockroaches
  16 goblins
  4 hobgoblins
  5 jackals
  23 kobolds
  2 quokkas
  A ball python (D:4)
  5 bats
  2 frilled lizards (D:1)
  3 rats
  3 fungi (D:6)
259 creatures vanquished.

Vanquished Creatures (collateral kills)
  Psyche (D:10)
  A black bear (D:10)
2 creatures vanquished.

Vanquished Creatures (others)
  2 toadstools (D:6)
2 creatures vanquished.

Grand Total: 263 creatures vanquished

Notes
Turn   | Place    | Note
-------+----------+-------------------------------------------
     0 | D:1      | Jyms the Hill Orc Monk began the quest for the Orb.
     0 | D:1      | Reached XP level 1. HP: 19/19 MP: 1/1
   292 | D:1      | Reached XP level 2. HP: 26/27 MP: 2/2
   692 | D:1      | Reached XP level 3. HP: 18/33 MP: 3/3
  1422 | D:2      | Noticed Robin
  1439 | D:2      | Killed Robin
  1439 | D:2      | Reached XP level 4. HP: 38/40 MP: 4/4
  1927 | D:3      | Reached skill level 1 in Armour
  1951 | D:4      | Found a glowing drain.
  2021 | D:3      | Reached skill level 5 in Axes
  2021 | D:3      | Reached XP level 5. HP: 44/47 MP: 5/5
  2049 | D:3      | Reached skill level 1 in Shields
  2745 | D:3      | Found a sparkling altar of Nemelex Xobeh.
  2758 | D:3      | Found a runed translucent door.
  2758 | D:3      | Noticed xoxolimbo's ghost (amateur DsFE)
  3082 | D:4      | Reached skill level 5 in Fighting
  3082 | D:4      | Reached XP level 6. HP: 27/56 MP: 6/6
  3298 | D:5      | Entered Level 5 of the Dungeon
  3307 | D:6      | Noticed an ice beast
  3559 | D:4      | Noticed a phantom
  3598 | D:4      | Killed a phantom
  3598 | D:4      | Reached skill level 6 in Axes
  3743 | D:4      | Reached XP level 7. HP: 55/61 MP: 7/7
  4481 | D:5      | Found Qaeppoef's Gadget Shop.
  4493 | D:5      | Bought a wand of flame (12) for 84 gold pieces
  4508 | D:5      | Noticed Sigmund
  4519 | D:5      | Killed Sigmund
  4519 | D:5      | Reached skill level 7 in Axes
  4519 | D:5      | Reached XP level 8. HP: 67/71 MP: 6/8
  4626 | D:5      | Found a blossoming altar of Fedhas.
  4830 | D:5      | Found Desheaza's Food Shop.
  4841 | D:5      | Found Ownomp's Distillery.
  4898 | D:5      | Bought a potion of degeneration for 13 gold pieces
  5410 | D:6      | Reached skill level 5 in Armour
  5447 | D:6      | Got a translucent chain mail
  5462 | D:5      | Identified the cursed +0 chain mail of Kyaphapo {rF+
                  | Slay+3} (You found it on level 6 of the Dungeon)
  5496 | D:6      | Reached skill level 5 in Shields
  5508 | D:6      | Reached skill level 8 in Axes
  5667 | D:6      | Reached XP level 9. HP: 79/80 MP: 9/9
  5694 | D:7      | Found a staircase to the Ecumenical Temple.
  5801 | D:6      | Found a glowing golden altar of the Shining One.
  5915 | D:6      | Found a deep blue altar of Sif Muna.
  6092 | Temple   | Entered the Ecumenical Temple
  6289 | Temple   | Became a worshipper of Trog the Wrathful
  6289 | Temple   | Reached * piety under Trog
  6289 | Temple   | Reached ** piety under Trog
  6340 | D:7      | Reached skill level 9 in Axes
  6627 | D:7      | Found a snail-covered altar of Cheibriados.
  6631 | D:7      | Found a hide-covered altar of Uskayaw.
  7208 | D:8      | Found Gienu's Jewellery Emporium.
  7765 | D:8      | Reached *** piety under Trog
  7857 | D:8      | Noticed Erica
  7883 | D:8      | Killed Erica
  7883 | D:8      | Reached skill level 10 in Axes
  7883 | D:8      | Reached XP level 10. HP: 39/91 MP: 6/10
  8348 | D:10     | Entered Level 10 of the Dungeon
  8348 | D:10     | Noticed Psyche
  8945 | D:9      | Reached **** piety under Trog
  8951 | D:9      | Reached skill level 10 in Fighting
  8958 | D:9      | Reached skill level 11 in Axes
  9210 | D:11     | Noticed a cyclops
  9666 | D:10     | Reached XP level 11. HP: 101/101 MP: 11/11
  9682 | D:11     | Found Pocovyohyo's Weapon Emporium.
  9761 | D:10     | Killed Psyche
  9838 | D:10     | Found a staircase to the Lair.
  9850 | Lair:1   | Entered Level 1 of the Lair of Beasts
 10863 | D:10     | Killed a cyclops
 10919 | D:10     | Reached ***** piety under Trog
 11208 | D:10     | Reached skill level 12 in Axes
 11462 | Lair:1   | Noticed a four-headed hydra
 12264 | Lair:1   | Noticed an oklob plant
 12671 | Lair:2   | Found a staircase to the Swamp.
 12835 | Lair:2   | Noticed an eight-headed hydra
 13096 | Lair:1   | HP: 1/102 [acid (9)]
 13097 | Lair:1   | Splashed by an oklob plant's acid

Levels and vault maps discovered:
D:1:      dpeg_arrival_rhombi, layout_loops_ring
D:2:      layout_rooms, first_ration, uniq_robin
D:3:      layout_rooms, nemelex_xobeh_ov_fountains_minmay,
          ebering_ghost_reflecting_pool
D:4:      layout_loops_cross, cheibrodos_sewer_entry_drain, serial_rivers,
          chequers_serial_rivers_micro_b, chequers_serial_rivers_micro_c,
          chequers_serial_rivers_micro_a, chequers_serial_rivers_large_b,
          chequers_serial_rivers_small_a
D:5:      layout_rooms, fedhas_altar_fruit_tree, serial_shops,
          nicolae_shop_statue_plus, shop, shop, minmay_misc_feat_cross,
          kennysheep_opposing_triangles, uniq_sigmund
D:6:      layout_rooms, led_sif_pool, tso_metal_star, minmay_gold_behind_fungi
D:7:      layout_rooms, minitemple, minmay_temple_entry_sparse_star,
          enter_bailey_3
D:8:      layout_gridville, serial_shops, nicolae_shop_statue_plus, uniq_erica
D:9:      layout_loops_ring
D:10:     layout_stronghold, grunt_lair_entry_orc_guard_hut, uniq_psyche
D:11:     layout_cave_pools, serial_shops, shop, grunt_livestock
Temple:   nicolae_temple_elliptical
Lair:1:   minmay_lair_oklob_tunnel, layout_misc_corridors,
          cheibrodos_lair_reptile_den
Lair:2:   beast_lair_carwin_large_2, layout_cave_pods, swamp_mist,
          minmay_lindwurm_lava, uniq_sonja

Skill      XL: |  1  2  3  4  5  6  7  8  9 10 11 |
---------------+----------------------------------+-----
Fighting       | 4 5 6 7 9 10 11 | 11.3
Stealth        | 2 |  2.1
Armour         | 1 2 3 4 5 7 8 9 |  9.8
Axes           | 5 6 7 8 10 11 12 | 12.2
Shields        | 2 4 5 7 8 9 |  9.7
Dodging        | |  2.9

Action                   |  1- 3 |  4- 6 |  7- 9 | 10-12 || total
-------------------------+-------+-------+-------+-------++-------
Melee: Hand axe          |   118 |    58 |       |       ||   176
       War axe           |       |   146 |   426 |   423 ||   995
Throw: Stone             |     1 |       |     8 |     4 ||    13
Evoke: Wand              |       |       |     5 |     7 ||    12
       Phial of floods   |       |       |       |     1 ||     1
  Use: Scroll            |     6 |     1 |    12 |     9 ||    28
       Potion            |     1 |     1 |     4 |     7 ||    13
 Stab: Sleeping          |     4 |       |       |       ||     4
  Eat: Ration            |     1 |     2 |     4 |     5 ||    12
       Chunk             |       |       |     1 |     1 ||     2
Armor: Robe              |    12 |       |       |       ||    12
       Chain mail        |    30 |   101 |   114 |   264 ||   509
       Plate armour      |       |    14 |   107 |       ||   121
Dodge: Dodged            |    49 |    68 |   148 |   223 ||   488
Block: Buckler           |       |    32 |   110 |   165 ||   307

Table legend:
 A = Non-vault XP
 B = Vault XP
 C = Vault XP percentage of total XP
 D = Non-vault monster count
 E = Vault monster count
 F = Vault count percentage of total count
                 A         B        C        D         E       F
            +---------+---------+-------+---------+---------+-------
      Total |   13420 |    2404 |  15.2 |     225 |      33 |  12.8
            +---------+---------+-------+---------+---------+-------
        D:1 |      44 |       0 |   0.0 |      23 |       0 |   0.0
        D:2 |      38 |      27 |  41.5 |      13 |       8 |  38.1
        D:3 |      77 |       0 |   0.0 |      11 |       0 |   0.0
        D:4 |     468 |      51 |   9.8 |      18 |       5 |  21.7
        D:5 |     714 |     315 |  30.6 |      18 |       3 |  14.3
        D:6 |     996 |       0 |   0.0 |      19 |       0 |   0.0
        D:7 |     920 |       8 |   0.9 |      19 |       4 |  17.4
        D:8 |    1223 |     792 |  39.3 |      26 |       1 |   3.7
        D:9 |    3327 |       0 |   0.0 |      39 |       0 |   0.0
       D:10 |    3803 |    1197 |  23.9 |      28 |      11 |  28.2
       D:11 |      49 |       0 |   0.0 |       4 |       0 |   0.0
     Lair:1 |    1761 |      14 |   0.8 |       7 |       1 |  12.5
            +---------+---------+-------+---------+---------+-------
